 Dungeon Crawl Stone Soup version 0.14-a0-1313-gb2df4ef (webtiles) character file.

40905 Chiseanne the Protected (level 14, 0/88 HPs)
             Began as a Gargoyle Wanderer on Dec 5, 2013.
             Was a High Priest of Nemelex Xobeh.
             Slain by a polar bear (18 damage)
             ... on Level 8 of the Lair of Beasts.
             The game lasted 01:52:16 (22878 turns).

Chiseanne the Protected (Gargoyle Wanderer)        Turns: 22878, Time: 01:52:17

HP   0/88        AC 39     Str 15      XL: 14   Next:  8%
MP  28/28        EV  5     Int 20      God: Nemelex Xobeh [*****.]
Gold 1098        SH 13     Dex 10      Spells:  1 memorised, 22 levels left

rFire  + . .     SeeInvis +     a - +2,+1 orc war axe
rCold  + . .     Clarity  .     f - +4 plate armour
rNeg   + + .     Conserve .     G - +1 buckler of the Shoals {+Rage rF+ SInv}
rPois  +         rCorr    .     n - +2 wizard hat {Int+3}
rElec  +         rRot     +     I - +2 cloak of Pruin {rPois Str-3 Int+4 Stlth+}
SustAb . .       Spirit   .     l - +1 pair of gloves
rMut   .         Warding  .     A - +1 pair of boots
Saprov . . .     Stasis   .     q - amulet of faith
                                e - ring of positive energy
                                o - cursed ring of protection from cold

@: flying, somewhat resistant to hostile enchantments, extremely unstealthy
A: large and strong wings, dopey 1, life protection 1, electricity resistance,
unbreathing, petrification resistance, AC +9
a: Stop Flying, Draw One, Peek at Two, Triple Draw, Deal Four, Stack Five,
Renounce Religion, Evoke Berserk Rage


You were on level 8 of the Lair of Beasts.
You worshipped Nemelex Xobeh.
Nemelex Xobeh was extremely pleased with you.
You were not hungry.

You visited 3 branches of the dungeon, and saw 19 of its levels.
You also visited: Sewer and Ice Cave.

You collected 1098 gold pieces.

Inventory:

Hand weapons
 a - a +2,+1 orcish war axe (weapon)
Missiles
 w - 5 tomahawks of returning (quivered)
Armour
 f - a +4 plate armour (worn)
 l - a +1 pair of gloves (worn)
 n - a +2 wizard hat of intelligence (worn)
 A - a +1 pair of boots (worn)
 G - the +1 buckler of the Shoals (worn) {+Rage rF+ SInv}
   (You acquired it on level 7 of the Lair of Beasts)

   It protects you from fire.
   It enhances your eyesight.
   It lets you go berserk.
 I - the +2 cloak of Pruin (worn) {rPois Str-3 Int+4 Stlth+}
   (You found it on level 8 of the Lair of Beasts)

   It affects your strength (-3).
   It affects your intelligence (+4).
   It protects you from poison.
   It makes you much more stealthy.
Magical devices
 B - a wand of digging (11)
 C - a wand of digging (9)
 K - a wand of disintegration (3)
Comestibles
 p - 4 meat rations
 x - a chunk of polar bear flesh
 D - 10 honeycombs
 H - a bread ration
 O - a cheese
Scrolls
 c - 2 scrolls of amnesia
 g - 5 scrolls of fear
 i - 9 scrolls of remove curse
 s - a scroll of teleportation
 u - 3 scrolls of fog
 L - a scroll of identify
 N - a scroll of magic mapping
Jewellery
 e - a ring of positive energy (right hand)
 h - an uncursed amulet of warding {unknown}
 o - a cursed ring of protection from cold (left hand)
 q - an amulet of faith (around neck)
Potions
 b - 9 potions of curing
 j - a potion of magic
 r - 2 potions of restore abilities
 t - 4 potions of heal wounds
 z - a potion of mutation
Magical staves
 d - an uncursed staff of summoning
Miscellaneous
 k - a plain deck of escape {the Warp, left: 2} {god gift}
 m - an ornate deck of wonders {the Alchemist, left: 4} {god gift}
 v - a plain deck of escape {the Banshee, left: 5} {god gift}
 E - an ornate deck of escape {drawn: 1} {god gift}


   Skills:
 * Level 10.4 Fighting
 - Level 9.2 Axes
   Level 3.8 Maces & Flails
   Level 2.6 Crossbows
 - Level 1.0 Throwing
 * Level 12.3 Armour
 * Level 3.0 Dodging
 * Level 10.3 Shields
 - Level 5.1 Spellcasting
   Level 3.0 Fire Magic
 * Level 10.8 Evocations


You had 22 spell levels left.
You knew the following spells:

 Your Spells              Type           Power        Failure   Level  Hunger
a - Apportation           Tloc           #.........   100%        1    None


Dungeon Overview and Level Annotations

Branches:
Dungeon (10/16)            Temple (1/1) D:6            Lair (8/8) D:9
  Swamp (0/5) Lair:3       Spider (0/5) Lair:5        Slime (0/6) Lair:7
    Orc: D:9-12

Altars:
Ashenzari
Cheibriados
Elyvilon
Fedhas
Kikubaaqudgha
Makhleb
Nemelex Xobeh
Okawaru
Sif Muna
Trog
Vehumet
Xom
Yredelemnul
Zin
the Shining One
Jiyva

Annotations:
Lair:6 exclusion: 5 oklob plants


Innate Abilities, Weirdness & Mutations

You are resistant to torment.
You are immune to poison.
You can fly continuously.
Your stone body is very resilient (AC +9).
Your wings are large and strong.
You resist negative energy.
You are resistant to electric shocks.
You can survive without breathing.
You are immune to petrification.
You are dopey. (Int -2)


Message History

You slash the polar bear!
The polar bear is almost dead.
The polar bear bites you! The polar bear claws you.
* * * LOW HITPOINT WARNING * * *
The polar bear claws you.
* * * LOW HITPOINT WARNING * * *
The polar bear bites you but does no damage.
You block the polar bear's attack.
You slash the polar bear!
The polar bear is almost dead.
You block the polar bear's attack. The polar bear completely misses you.
The polar bear claws you but does no damage.
You hit the polar bear.
The polar bear is almost dead.
The polar bear bites you.
* * * LOW HITPOINT WARNING * * *
The polar bear claws you but does no damage.
The polar bear bites you!
You die...
Your body glows slightly and disappears.

.###..# .#.#...(.#...
....[....f......
#PP............#
#.........P..P#
#...........#
#.....U.P..P#### #
##.........P# #.## .%#
##.......P...###@.## U..#
#.............#U...# ...#
............PP....###...#
...........###.%......#
..........## ##....##%..#
.........P# ##.%## ###
........P## ##...
........## #....
.......P# ##....


You could see a polar bear (berserk).

Vanquished Creatures
  Gastronok (Lair:2)
  A hydra (Lair:3)
  A death yak (Lair:5)
  The ghost of runewalsh the Prestidigitator, an experienced OpWz of Nemelex Xobeh (D:7)
  A hill giant (D:10)
  The ghost of Psiweapon the Caregiver, an experienced DDHe of Elyvilon (D:6)
  Pikel (D:9)
  A griffon (Lair:7)
  4 black mambas
  9 elephants
  6 spiny frogs
  A feature mimic (Lair:8)
  A fire drake (Lair:5)
  A queen bee (Lair:8)
  A giant firefly (Lair:8)
  3 komodo dragons
  11 blink frogs
  5 polar bears (Lair:8)
  A basilisk (Lair:4)
  14 yaks
  11 grizzly bears
  2 wyverns (D:9)
  The ghost of Bloax the Chopper, an average HOFi (D:5)
  A vampire mosquito (Lair:3)
  Eustachio (D:6)
  An elephant slug (Lair:8)
  13 wolves
  3 hippogriffs
  Edmund (D:6)
  Menkaure (D:6)
  A sky beast (D:5)
  A slave (D:9)
  3 ice beasts
  6 black bears
  17 porcupines
  A phantom (D:6)
  2 ogres
  A yellow wasp (D:8)
  An orc warrior (D:8)
  2 centaurs
  6 crocodiles
  A boring beetle (Lair:7)
  6 giant slugs
  A brain worm (D:5)
  A warg (Lair:8)
  12 giant frogs
  12 water moccasins
  5 agate snails
  14 killer bees
  A hippogriff skeleton (D:9)
  A goliath beetle (D:8)
  4 crimson imps
  14 hounds
  2 giant frog zombies
  7 orc priests
  A jelly (D:9)
  A gnoll shaman (D:8)
  A scorpion (D:8)
  A centaur skeleton (D:9)
  9 iguanas
  7 orc wizards
  6 worker ants
  Jessica (D:2)
  A mummy (D:7)
  A worker ant zombie (D:6)
  19 adders
  11 gnolls
  8 giant centipedes
  31 green rats
  A shadow imp (D:7)
  11 giant mites
  A white imp (D:7)
  5 worms
  An adder skeleton (D:4)
  2 giant eyeballs
  17 giant geckos
  An ooze (D:2)
  25 orcs
  13 goblins
  A grey rat (Lair:2)
  12 hobgoblins
  31 jackals
  16 kobolds
  12 quokkas
  9 ball pythons
  19 bats
  14 giant cockroaches
  11 giant newts
  A hobgoblin skeleton (D:8)
  A kobold skeleton (D:4)
  21 rats
  A bush (Lair:1)
  26 fungi
  7 plants
579 creatures vanquished.

Vanquished Creatures (collateral kills)
  4 hydras
  6 death yaks (Lair:7)
  The ghost of Bloax the Skirmisher, an experienced MiMo (D:8)
  A black mamba (Lair:6)
  6 elephants (Lair:6)
  2 spiny frogs
  4 komodo dragons
  3 blink frogs (Lair:7)
  A basilisk (Lair:5)
  2 elephant slugs
  A hippogriff (Lair:1)
  7 yaks
  4 vampire mosquitoes
  13 wolves
  2 hell hounds (Lair:8)
  A crocodile (Lair:6)
  3 wargs (Lair:8)
  2 giant frogs (Lair:5)
  An agate snail (Lair:1)
  10 killer bees (Lair:8)
  2 hounds
  An iguana (Lair:5)
  4 sheep (Lair:6)
  A green rat (Lair:1)
  A worm (Lair:5)
  A bat (Lair:5)
  8 jackals (Lair:8)
  2 rats
  5 fungi (Lair:6)
  2 plants
101 creatures vanquished.

Vanquished Creatures (others)
  2 very ugly things (Lair:7)
  5 dancing weapons
  2 vapours
  3 giant fireflies (Lair:8)
  4 ugly things
  6 yaks
  A soldier ant (Lair:6)
  5 vampire mosquitoes
  9 wolves
  A slave (D:9)
  2 black bears (Lair:6)
  A porcupine (Lair:4)
  2 boring beetles (Lair:8)
  2 insubstantial wisps (Lair:3)
  A hound (Lair:8)
  A quasit (Lair:7)
  A sheep (Lair:6)
  An adder (Lair:4)
  A rat skeleton (Lair:2)
  A fungus (Lair:8)
  3 plants (Lair:8)
54 creatures vanquished.

Grand Total: 734 creatures vanquished

Notes
Turn   | Place    | Note
--------------------------------------------------------------
     0 | D:1      | Chiseanne, the Gargoyle Wanderer, began the quest for the Orb.
     0 | D:1      | Reached XP level 1. HP: 12/12 MP: 2/2
   187 | D:1      | Reached XP level 2. HP: 18/18 MP: 3/3
   823 | D:2      | Reached XP level 3. HP: 22/22 MP: 4/4
   824 | D:2      | Noticed Jessica
   845 | D:2      | Killed Jessica
  1155 | D:2      | Reached XP level 4. HP: 26/28 MP: 5/5
  1710 | D:3      | Found a glowing drain.
  1755 | Sewer    | Entered a sewer
  1770 | Sewer    | Reached skill level 4 in Armour
  1770 | Sewer    | Reached XP level 5. HP: 33/33 MP: 6/6
  2305 | Sewer    | Reached XP level 6. HP: 34/38 MP: 7/7
  2345 | Sewer    | Noticed a giant frog
  2362 | Sewer    | Killed a giant frog
  2556 | Sewer    | Noticed a giant frog
  2567 | Sewer    | Killed a giant frog
  2567 | Sewer    | Reached skill level 1 in Spellcasting
  2822 | D:3      | Reached skill level 5 in Armour
  3362 | D:3      | Reached XP level 7. HP: 24/44 MP: 10/10
  3628 | D:3      | Reached skill level 1 in Axes
  3809 | D:4      | Gained mutation: Your body is slowly deteriorating. [potion of mutation]
  3809 | D:4      | Gained mutation: You have supernaturally acute eyesight. [potion of mutation]
  3809 | D:4      | Gained mutation: You tend to lose your temper in combat. [potion of mutation]
  3810 | D:4      | Gained mutation: Your body is deteriorating. [potion of mutation]
  3810 | D:4      | Gained mutation: You have sharp toenails. [potion of mutation]
  3810 | D:4      | Gained mutation: You have a fast metabolism. [potion of mutation]
  3834 | D:4      | Paralysed by a giant eyeball for 2 turns
  3839 | D:4      | Paralysed by a giant eyeball for 4 turns
  4198 | D:5      | Entered Level 5 of the Dungeon
  4254 | D:5      | Reached skill level 6 in Armour
  4372 | D:5      | Noticed Bloax's ghost (average HOFi)
  4374 | D:5      | Reached skill level 5 in Fighting
  4383 | D:5      | Killed Bloax's ghost
  4383 | D:5      | Reached XP level 8. HP: 49/49 MP: 11/14
  4539 | D:5      | Lost mutation: You tend to lose your temper in combat. [potion of cure mutation]
  4539 | D:5      | Lost mutation: You have a fast metabolism. [potion of cure mutation]
  4539 | D:5      | Lost mutation: Your body is deteriorating. [potion of cure mutation]
  4539 | D:5      | Lost mutation: You have sharp toenails. [potion of cure mutation]
  5107 | D:5      | Reached skill level 7 in Armour
  5232 | D:6      | Noticed Menkaure
  5240 | D:6      | Killed Menkaure
  5373 | D:6      | Reached skill level 5 in Axes
  5484 | D:6      | Found a staircase to the Ecumenical Temple.
  5510 | Temple   | Entered the Ecumenical Temple
  5624 | Temple   | Became a worshipper of Nemelex Xobeh
  5629 | Temple   | Received a gift from Nemelex Xobeh
  5858 | D:6      | Reached XP level 9. HP: 34/55 MP: 17/17
  5879 | D:6      | Acquired Nemelex Xobeh's first power
  6077 | D:6      | Noticed Psiweapon's ghost (experienced DDHe)
  6091 | D:6      | Killed Psiweapon's ghost
  6091 | D:6      | Reached skill level 8 in Armour
  6263 | D:5      | Acquired Nemelex Xobeh's second power
  6463 | D:4      | Received a gift from Nemelex Xobeh
  7492 | D:6      | Noticed Edmund
  7515 | D:6      | Killed Edmund
  7674 | D:6      | Noticed Eustachio
  7686 | D:6      | Killed Eustachio
  7857 | D:7      | Noticed runewalsh's ghost (experienced OpWz)
  7880 | D:7      | Killed runewalsh's ghost
  7880 | D:7      | Reached XP level 10. HP: 56/63 MP: 20/20
  7993 | D:7      | Reached skill level 9 in Armour
  8418 | D:8      | Acquired Nemelex Xobeh's third power
  8521 | D:8      | Noticed Bloax's ghost (experienced MiMo)
  8534 | D:8      | Killed Bloax's ghost
  8754 | D:8      | Acquired Nemelex Xobeh's fourth power
  8835 | D:8      | Lost mutation: You have supernaturally acute eyesight. [potion of cure mutation]
  8835 | D:8      | Lost mutation: Your body is slowly deteriorating. [potion of cure mutation]
  9159 | D:9      | Received a gift from Nemelex Xobeh
  9661 | D:9      | Noticed Pikel
  9665 | D:9      | Killed Pikel
  9724 | D:9      | Found a staircase to the Lair.
 10170 | D:10     | Entered Level 10 of the Dungeon
 10231 | D:10     | Noticed a hill giant
 10248 | D:10     | Killed a hill giant
 10248 | D:10     | Reached skill level 10 in Armour
 10449 | Lair:1   | Entered Level 1 of the Lair of Beasts
 10646 | Lair:1   | Reached XP level 11. HP: 58/71 MP: 22/22
 10676 | Lair:1   | Noticed a black mamba
 10692 | Lair:1   | Killed a black mamba
 10738 | Lair:1   | Acquired Nemelex Xobeh's fifth power
 10741 | Lair:1   | Received a gift from Nemelex Xobeh
 11161 | Lair:1   | Reached skill level 5 in Spellcasting
 11521 | Lair:1   | Reached skill level 1 in Evocations
 11529 | Lair:1   | Received a gift from Nemelex Xobeh
 12012 | Lair:2   | Reached skill level 11 in Armour
 12167 | Lair:2   | Noticed Gastronok
 12206 | Lair:2   | Killed Gastronok
 12295 | Lair:2   | Found a frozen archway.
 12318 | IceCv    | Entered an ice cave
 12318 | IceCv    | Noticed Yermak's ghost (powerful FoFi)
 12948 | Lair:2   | Received a gift from Nemelex Xobeh
 13660 | Lair:3   | Reached skill level 5 in Evocations
 14017 | Lair:3   | Reached XP level 12. HP: 9/76 MP: 25/25
 14017 | Lair:3   | HP: 3/76 [blink frog (6)]
 14668 | Lair:3   | Noticed a six-headed hydra
 14707 | Lair:3   | Received a gift from Nemelex Xobeh
 14710 | Lair:3   | Killed a six-headed hydra
 15365 | Lair:3   | Received a gift from Nemelex Xobeh
 15389 | Lair:3   | Received a gift from Nemelex Xobeh
 15573 | Lair:3   | Found a staircase to the Swamp.
 16258 | Lair:4   | Reached skill level 10 in Evocations
 17493 | Lair:5   | Reached skill level 5 in Shields
 17514 | Lair:5   | Received a gift from Nemelex Xobeh
 17551 | Lair:5   | Noticed a death yak
 17553 | Lair:5   | Noticed a death yak
 17555 | Lair:5   | Noticed a death yak
 17560 | Lair:5   | Killed a death yak
 17781 | Lair:5   | Received a gift from Nemelex Xobeh
 17919 | Lair:5   | Noticed a five-headed hydra
 17925 | Lair:5   | Killed a five-headed hydra
 18017 | Lair:5   | Found a hole to the Spider Nest.
 18044 | Lair:5   | Noticed a four-headed hydra
 18047 | Lair:5   | Received a gift from Nemelex Xobeh
 18052 | Lair:5   | Killed a four-headed hydra
 18052 | Lair:5   | Reached XP level 13. HP: 73/80 MP: 18/26
 18670 | Lair:6   | Received a gift from Nemelex Xobeh
 18798 | Lair:6   | Paralysed by a potion of paralysis for 4 turns
 18981 | Lair:6   | Found a bloodstained altar of Trog.
 19401 | Lair:7   | Found a staircase to the Slime Pits.
 19401 | Lair:7   | Found a viscous altar of Jiyva.
 19415 | Lair:6   | Received a gift from Nemelex Xobeh
 19504 | Lair:7   | Reached skill level 1 in Dodging
 20086 | Lair:7   | Identified a scroll of acquirement
 20089 | Lair:7   | Got a twisted buckler
 20095 | Lair:7   | Identified the +1 buckler of the Shoals {+Rage rF+ SInv} (You acquired it on level 7 of the Lair of Beasts)
 20150 | Lair:7   | Received a gift from Nemelex Xobeh
 20170 | Lair:7   | Reached skill level 12 in Armour
 20532 | Lair:7   | Received a gift from Nemelex Xobeh
 20567 | Lair:7   | Reached skill level 10 in Fighting
 20825 | Lair:8   | Entered Level 8 of the Lair of Beasts
 21260 | Lair:8   | Reached skill level 1 in Crossbows
 21312 | Lair:8   | Got a jewelled cloak
 21315 | Lair:8   | Identified the +2 cloak of Pruin {rPois Str-3 Int+4 Stlth+} (You found it on level 8 of the Lair of Beasts)
 21669 | Lair:8   | Received a gift from Nemelex Xobeh
 21981 | Lair:8   | Gained mutation: You are dopey. (Int -2) [helix card]
 22218 | Lair:8   | Reached skill level 10 in Shields
 22292 | Lair:8   | Gained mutation: Your wings are large and strong. [gargoyle growth]
 22292 | Lair:8   | Reached XP level 14. HP: 25/88 MP: 28/28
 22878 | Lair:8   | Slain by a polar bear

Action                   |  1- 3 |  4- 6 |  7- 9 | 10-12 | 13-15 || total
-------------------------+-------+-------+-------+-------+-------++-------
Melee: Mace              |   104 |   288 |       |       |       ||   392
       War axe           |       |    45 |   386 |  1324 |   870 ||  2625
       Whip              |       |       |       |    16 |       ||    16
Throw: Tomahawk          |       |       |       |    16 |       ||    16
Invok: Peek at Two       |       |       |     1 |     6 |     2 ||     9
       Draw One          |       |       |       |    51 |    40 ||    91
       Stack Five        |       |       |       |     1 |     5 ||     6
 Abil: Fly               |       |       |       |       |     1 ||     1
Evoke: Wand              |       |     3 |    14 |    47 |    18 ||    82
       Deck              |       |       |     1 |       |       ||     1
  Use: Scroll            |       |     6 |    10 |    12 |     6 ||    34
       Potion            |       |     8 |     5 |     6 |     3 ||    22
 Stab: Distracted        |       |       |       |     1 |     2 ||     3
